 Dungeon Crawl Stone Soup version 0.30.1-4-g462c640d31 (webtiles) character file.

Game seed: 6189881187834063568

23487 Almogavar the Carver (level 12, -4/172 HPs)
             Began as a Minotaur Berserker on Aug 31, 2023.
             Was a High Priest of Trog.
             Slain by a troll (9 damage)
             ... led by Saint Roka
             ... on level 1 of the Orcish Mines.
             The game lasted 00:39:30 (18413 turns).

Almogavar the Carver (Minotaur Berserker)          Turns: 18413, Time: 00:39:31

Health: -4/172     AC:  9    Str: 27    XL:     12   Next: 72%
Magic:  11/11      EV: 15    Int:  4    God:    Trog [*****.]
Gold:   1985       SH:  5    Dex: 10    Spells: 11/11 levels left

rFire   + . .        e - +2 falchion (flame)
rCold   x . .        C - +0 buckler
rNeg    . . .        n - +3 leather armour {rPois}
rPois   +            G - +2 hat
rElec   .            (no cloak)
rCorr   .            (no gloves)
SInv    +            (no boots)
Will    .....        (no amulet) Stlth
                     r - ring of fire
HPRegen 0.48/turn    a - ring of see invisible
MPRegen 0.12/turn

%: no passive effects
@: berserking, very quick
A: horns 2, retaliatory headbutt
a: Renounce Religion, Berserk, Trog's Hand, Brothers in Arms


You were on level 1 of the Orcish Mines.
You worshipped Trog.
Trog was extremely pleased with you.
You visited 2 branches of the dungeon, and saw 12 of its levels.
You also visited: Sewer.

You collected 1985 gold pieces.

Inventory:

Hand Weapons
 e - a +2 falchion of flaming (weapon)
 k - a +4 scimitar of flaming
Armour
 n - a +3 leather armour of poison resistance (worn)
 q - a +0 chain mail
 C - a +0 buckler (worn)
 G - a +2 hat (worn)
Jewellery
 a - a ring of see invisible (right hand)
 r - a ring of fire (left hand)
 D - a ring of ice
Wands
 f - a wand of acid (8)
 s - a wand of paralysis (11)
 y - a wand of flame (54)
 z - a wand of mindburst (28)
 E - a wand of roots (5)
Scrolls
 b - a scroll of fear
 d - 8 scrolls of teleportation
 h - 3 scrolls of blinking
 i - 4 scrolls of fog
 j - 2 scrolls of enchant weapon
 o - 2 scrolls of enchant armour
 u - 2 scrolls of magic mapping {unknown}
 v - a scroll of poison
 x - a scroll of butterflies {unknown}
 B - 2 scrolls of amnesia {unknown}
Potions
 c - 3 potions of haste
 g - 6 potions of curing
 l - a potion of flight
 m - 3 potions of invisibility
 p - 2 potions of cancellation
 t - a potion of might
 w - 3 potions of magic {unknown}
 A - a potion of mutation {unknown}
 F - a potion of berserk rage {unknown}
 H - a potion of resistance {unknown}


   Skills:
 + Level 13.4 Fighting
 - Level 14.7 Long Blades
 + Level 9.1 Armour
 + Level 11.2 Dodging
 - Level 1.1 Stealth
 + Level 5.4 Shields
 * Level 4.7 Evocations


You had 11 spell levels left.
You didn't know any spells.
Your spell library was empty.

Dungeon Overview and Level Annotations

Branches:
Dungeon (10/15)            Temple (0/1) D:7            Lair (0/5) D:9
    Orc (2/2) D:10            Elf (0/3) Orc:2         Sewer (visited)

Altars:
Fedhas
Hepliaklqana
Kikubaaqudgha
Makhleb
Okawaru
Qazlal
Trog
Uskayaw
Vehumet
Wu Jian
Zin

Shops:
Orc:2 :

Annotations:
Orc:1 Saint Roka


Innate Abilities, Weirdness & Mutations

You have a pair of horns on your head.
You reflexively headbutt those who attack you in melee.


Message History

You slash Saint Roka! You burn Saint Roka. You headbutt Saint Roka.
Saint Roka is moderately wounded.
You closely miss Saint Roka. You headbutt Saint Roka.
Saint Roka is moderately wounded.
Saint Roka invokes the aid of Beogh against you.
Beogh smites you! The troll bites you! The troll barely misses you.
The troll misses you.
You are too injured to fight recklessly!
You are too injured to fight recklessly!
You hit Saint Roka but do no damage.
Saint Roka is moderately wounded.
You slash Saint Roka! You burn Saint Roka.
You headbutt Saint Roka, but do no damage.
Saint Roka is moderately wounded.
You slash Saint Roka! You burn Saint Roka. Your headbutt misses Saint Roka.
Saint Roka is heavily wounded.
Saint Roka closely misses you. The troll bites you! The troll claws you.
You block the troll's attack.
You slash Saint Roka! You burn Saint Roka!
Saint Roka is heavily wounded.
You completely miss Saint Roka.
Saint Roka is heavily wounded.
Saint Roka hits you with a +0 dire flail!!
* * * LOW HITPOINT WARNING * * *
The troll barely misses you. You furiously retaliate!
You headbutt the troll. The troll claws you.
* * * LOW HITPOINT WARNING * * *
The troll closely misses you.
You slash Saint Roka! You burn Saint Roka. You headbutt Saint Roka.
Saint Roka is severely wounded.
Unknown command.
You hit Saint Roka. You burn Saint Roka.
Saint Roka is severely wounded.
Unknown command.
You hit Saint Roka. You burn Saint Roka.
Saint Roka is severely wounded.
Saint Roka hits you with a +0 dire flail!!
* * * LOW HITPOINT WARNING * * *
The troll bites you!
You die...

####.##.##### ##.#.#####
##.#......##.####......##.
#.........#...............
##.......##........###....
##.......#.......####.....
#................# #......
###..............##
##.##..
##........o.....### ##....
#..........@....## #.....
##.........T......# ##....
#.........[......## #...#.
##.#.......##....# ##...#
####.#...#####.## ##.##
##.......# ### ####
#.......## ##..##
##....### #....# #...##
##....


You could see Saint Roka and a troll.

Vanquished Creatures
  An orc warlord (Orc:1)
  The ghost of porada001 the Cleaver, a novice HOBe of Trog (D:10)
  2 boulder beetles (D:9)
  2 orc high priests (Orc:2)
  Pikel (D:7)
  2 orc knights
  A deep elf pyromancer (D:9)
  A cyclops (Orc:2)
  2 orc sorcerers (Orc:2)
  2 ugly things
  A gargoyle (D:9)
  An efreet (D:9)
  A kobold demonologist (D:9)
  Psyche (D:8)
  2 rime drakes (D:9)
  A komodo dragon (D:10)
  4 trolls
  Grinder (D:6)
  Sigmund (D:6)
  A vampire (D:10)
  A wyvern (D:9)
  A wraith (D:10)
  11 yaks
  A fire elemental (D:9)
  3 steam dragons (D:9)
  3 vampire mosquitoes (D:10)
  9 wargs
  3 water moccasins
  An ice beast (D:6)
  35 orc warriors
  A sky beast (D:7)
  A black bear (D:4)
  4 centaurs
  8 ogres
  A lemure (D:7)
  3 phantoms
  3 kobold brigands
  5 bullfrogs
  A gnoll sergeant (D:7)
  8 scorpions
  4 killer bees (D:9)
  7 howler monkeys
  6 electric eels
  A gnoll bouda (D:5)
  18 orc priests
  5 hounds
  2 jellies
  2 sleepcaps (D:7)
  Natasha (thrice) (D:3)
  4 iguanas
  32 orc wizards
  7 gnolls
  5 river rats (Sewer)
  9 adders
  A shadow imp (D:6)
  An ufetubus (D:5)
  4 worms
  A dart slug (D:3)
  80 orcs
  2 bats
  5 endoplasms
  8 giant cockroaches
  7 goblins
  4 hobgoblins
  2 jackals (D:2)
  4 quokkas
  16 ball pythons
  5 frilled lizards
  16 kobolds
  27 rats
420 creatures vanquished.

Vanquished Creatures (collateral kills)
  An orc warrior (Orc:1)
1 creature vanquished.

Vanquished Creatures (others)
  A human (D:3)
  A white imp (D:6)
2 creatures vanquished.

Grand Total: 423 creatures vanquished

Notes
Turn   | Place    | Note
-------+----------+-------------------------------------------
     0 | D:1      | Almogavar the Minotaur Berserker began the quest for the
                  | Orb.
     0 | D:1      | Reached XP level 1. HP: 19/19 MP: 0/0
   558 | D:1      | Reached XP level 2. HP: 27/27 MP: 1/1
   743 | D:1      | Reached skill level 4 in Long Blades
  1399 | D:2      | Reached ** piety under Trog
  1549 | D:2      | Reached XP level 3. HP: 19/33 MP: 2/2
  1642 | D:2      | Reached XP level 4. HP: 41/41 MP: 3/3
  2025 | D:3      | Noticed Natasha
  2044 | D:3      | Killed Natasha
  2166 | D:3      | Found an ancient bone altar of Kikubaaqudgha.
  2168 | D:3      | Noticed a human
  2171 | D:3      | Killed a human
  2188 | D:3      | Found an iron altar of Okawaru.
  2258 | D:3      | Found a hazy altar of Hepliaklqana.
  2287 | D:3      | Noticed Natasha
  2297 | D:3      | Killed Natasha
  2298 | D:3      | Reached skill level 1 in Stealth
  2298 | D:3      | Reached XP level 5. HP: 17/47 MP: 4/4
  2366 | D:3      | Noticed Natasha
  2385 | D:3      | Killed Natasha
  3316 | D:4      | Noticed a phantom
  3331 | D:4      | Killed a phantom
  3332 | D:4      | Reached skill level 5 in Fighting
  3332 | D:4      | Reached skill level 5 in Long Blades
  3505 | D:4      | Noticed a black bear
  3515 | D:4      | Killed a black bear
  3516 | D:4      | Reached XP level 6. HP: 56/56 MP: 5/5
  3983 | D:5      | Entered Level 5 of the Dungeon
  4023 | D:5      | Reached skill level 6 in Long Blades
  4097 | D:5      | Found a stormy altar of Qazlal.
  4117 | D:5      | Reached XP level 7. HP: 58/61 MP: 6/6
  4140 | D:5      | Found a glowing drain.
  4153 | Sewer    | Entered a sewer
  4169 | Sewer    | Reached *** piety under Trog
  4425 | Sewer    | Reached skill level 7 in Long Blades
  4606 | D:5      | Reached **** piety under Trog
  4714 | D:5      | Reached skill level 5 in Dodging
  4727 | D:5      | Reached XP level 8. HP: 43/70 MP: 7/7
  4733 | D:5      | Reached skill level 8 in Long Blades
  5273 | D:6      | Reached skill level 5 in Armour
  5801 | D:6      | Reached skill level 9 in Long Blades
  5851 | D:6      | Noticed Sigmund
  5858 | D:6      | Killed Sigmund
  6155 | D:6      | Noticed Grinder
  6171 | D:6      | Killed Grinder
  6172 | D:6      | Reached skill level 10 in Long Blades
  6172 | D:6      | Reached XP level 9. HP: 79/79 MP: 8/8
  6231 | D:6      | Found an ornate altar of the Wu Jian Council.
  7214 | D:7      | Noticed a white ugly thing
  7371 | D:7      | Killed a white ugly thing
  7374 | D:7      | Reached skill level 11 in Long Blades
  7796 | D:7      | Noticed Pikel
  7805 | D:7      | Killed Pikel
  7806 | D:7      | Reached skill level 12 in Long Blades
  7812 | D:7      | Reached XP level 10. HP: 73/91 MP: 9/9
  8127 | D:7      | Found a staircase to the Ecumenical Temple.
  8351 | D:7      | Found a blossoming altar of Fedhas.
  8492 | D:7      | Found a bloodstained altar of Trog.
  8746 | D:8      | Noticed Psyche
  8915 | D:8      | Killed Psyche
  9570 | D:8      | Found a hide-covered altar of Uskayaw.
  9571 | D:8      | Found a burning altar of Makhleb.
  9647 | D:8      | Found a glowing silver altar of Zin.
  9835 | D:9      | Reached skill level 10 in Fighting
  9835 | D:9      | Reached skill level 13 in Long Blades
  9835 | D:9      | Reached skill level 1 in Shields
 10244 | D:9      | Found a staircase to the Lair.
 10583 | D:9      | Noticed a boulder beetle
 10596 | D:9      | Killed a boulder beetle
 10916 | D:9      | Noticed a gargoyle
 10934 | D:9      | Noticed a boulder beetle
 10940 | D:9      | Killed a gargoyle
 10953 | D:9      | Killed a boulder beetle
 10954 | D:9      | Reached XP level 11. HP: 94/101 MP: 10/10
 11045 | D:9      | Noticed a cyan ugly thing
 11046 | D:9      | Noticed a deep elf pyromancer
 11064 | D:9      | Killed a deep elf pyromancer
 11065 | D:9      | Reached skill level 14 in Long Blades
 11676 | D:9      | Killed a cyan ugly thing
 12255 | D:10     | Entered Level 10 of the Dungeon
 12340 | D:10     | Found a staircase to the Orcish Mines.
 12728 | D:10     | Found a runed translucent door.
 12730 | D:10     | Noticed porada001's ghost (novice HOBe)
 12840 | D:10     | Reached ***** piety under Trog
 12882 | D:10     | Received a gift from Trog
 12898 | D:10     | Reached skill level 1 in Evocations
 12992 | D:10     | Found a radiant altar of Vehumet.
 13221 | D:10     | Killed porada001's ghost
 13321 | Orc:1    | Entered Level 1 of the Orcish Mines
 13334 | Orc:1    | Noticed an orc warlord
 13366 | Orc:2    | Entered Level 2 of the Orcish Mines
 13894 | Orc:2    | Found a staircase to the Elven Halls.
 13915 | Orc:1    | Killed an orc warlord
 13916 | Orc:1    | Reached skill level 10 in Dodging
 14699 | Orc:1    | Reached XP level 12. HP: 72/112 MP: 11/11
 16785 | Orc:2    | Found Sefedimm's Book Boutique.
 17604 | Orc:2    | Noticed an orc high priest
 17615 | Orc:2    | Killed an orc high priest
 17616 | Orc:2    | Reached skill level 5 in Shields
 17911 | Orc:2    | Noticed an orc high priest
 17927 | Orc:2    | Killed an orc high priest
 18192 | Orc:2    | Noticed Saint Roka
 18214 | Orc:2    | Identified the +3 great sword of the Hills {flame, *Rage
                  | rElec rF+} (Trog gifted it to you on level 2 of the Orcish
                  | Mines)
 18214 | Orc:2    | Received a gift from Trog
 18413 | Orc:1    | HP: 5/172 [Saint Roka/+0 dire flail (32)]
 18413 | Orc:1    | Slain by a troll

Illustrated notes

Levels and vault maps discovered:
D:1:      nicolae_arrival_washed_ashore, layout_basic
D:2:      layout_loops_corners
D:3:      layout_basic, lemuel_round_altar, tgw_kikubaaqudgha,
          overflow_temple_1_default, uniq_natasha
D:4:      layout_loops_corners, hangedman_decor_points
D:5:      layout_loops_ring, nicolae_overflow_crystal_walls,
          portal_sewer_entry_f
D:6:      layout_loops_ring, mainiacjoe_overflow_alcove_1, serial_bayou,
          serial_bayou_ford_a, serial_bayou_shore_a, serial_bayou_lagoon_b,
          serial_bayou_shore_b, uniq_sigmund, uniq_grinder
D:7:      hangedman_cross_stitches, layout_loops_cross, amcnicky_altar_gilded,
          fedhas_bush_and_centaur_altar, minmay_temple_entry_glass, uniq_pikel
D:8:      layout_cave_pods, mainiacjoe_overflow_boulevard,
          mainiacjoe_overflow_divided_tiny, uniq_psyche
D:9:      layout_basic, lair_entry_dummy, dilly_guarded_unrand_elemental_staff
D:10:     layout_stronghold, nicolae_overflow_hidden_temple, orc_0_dummy,
          gammafunk_ghost_grave
Orc:1:    minmay_goldmine, layout_caves, nooodl_orcs_dogs
Orc:2:    grunt_orc_community_town_hall, layout_caves,
          grunt_orc_community_big_house_2, grunt_orc_community_big_house_2,
          grunt_orc_community_house_2, grunt_orc_community_house_3,
          grunt_orc_community_house_2, grunt_orc_community_house_2

Skill      XL: |  1  2  3  4  5  6  7  8  9 10 11 12 |
---------------+-------------------------------------+-----
Fighting       | 4 5 6 7 9 10 12 13 | 13.4
Long Blades    | 4 5 6 7 10 12 13 14 | 14.7
Armour         | 3 4 5 6 7 8 9 |  9.1
Dodging        | 3 4 5 6 7 8 10 11 | 11.2
Stealth        | 1 |  1.1
Shields        | 2 3 5 |  5.4
Evocations     | 3 4 |  4.7

Action                     |  1- 3 |  4- 6 |  7- 9 | 10-12 || total
---------------------------+-------+-------+-------+-------++-------
  Melee: Falchion          |    64 |   143 |   303 |   930 ||  1440
         Headbutt          |     7 |    23 |    38 |   212 ||   280
         Punch             |     1 |     1 |       |       ||     2
 Invoke: Berserk           |     1 |     3 |     4 |    13 ||    21
         Trog's Hand       |       |     1 |     2 |     4 ||     7
         Brothers in Arms  |       |       |       |     1 ||     1
  Evoke: Wand              |       |       |       |     4 ||     4
    Use: Scroll            |     5 |     6 |     8 |     7 ||    26
         Potion            |       |       |     1 |     3 ||     4
   Stab: Sleeping          |       |       |       |     1 ||     1
 Armour: Animal skin       |     3 |       |       |       ||     3
         Leather armour    |    12 |    42 |    96 |   187 ||   337
         Ring mail         |     6 |       |       |       ||     6
  Dodge: Dodged            |    37 |   105 |   215 |   439 ||   796
  Block: Buckler           |       |       |     2 |   127 ||   129
